[Event "Titled Tuesday Blitz October 31 Late 2023"]
[White "Broca Jimenez, Fernando"]
[Black "Pinto, Daniel"]
[WhiteFideId "5104742"]
[BlackFideId "3303144"]
[WhiteElo "2239"]
[BlackElo "2406"]
[Result "0-1"]
[Round "3"]
[TimeControl "180+1"]
[Date "2023.10.31"]
[WhiteClock "0:00:32"]
[BlackClock "0:00:19"]
[Board "147"]

1. g3 Nf6 2. Bg2 e5 3. b3 Nc6 4. Bb2 d6 5. d3 Be7 6. Nd2 O-O 7. e4 Ne8 8. Ngf3 f5 9. exf5 Bxf5 10. O-O Qd7 11. Nc4 Bg4 12. Ne3 Bh3 13. Re1 Bxg2 14. Kxg2 Nf6 15. d4 e4 16. Nd2 d5 17. c4 Nb4 18. Ba3 c6 19. Rf1 Rf7 20. cxd5 cxd5 21. f3 Raf8 22. fxe4 dxe4 23. Ndc4 Nbd5 24. Bxe7 Qxe7 25. Qe2 Qe6 26. Ne5 Rc7 27. Nxd5 Qxd5 28. Rad1 Rfc8 29. Kg1 Rc2 30. Rd2 Qxd4+ 31. Rxd4 Rxe2 32. Ra4 Rcc2 33. Rd1 h5 34. Rxa7 Rg2+ 35. Kf1 Rxh2 36. Kg1 Rcg2+ 37. Kf1 e3 38. Ra8+ Kh7 39. Nf7 e2+ 40. Ke1 exd1=Q+ 41. Kxd1 Rh1# 0-1


[Site "https://www.chess.com"]

[Event "Titled Tuesday Blitz October 31 Late 2023"]
[White "hristos03"]
[Black "Lukey, Stephen G"]
[BlackFideId "4300386"]
[WhiteElo "2405"]
[BlackElo "2237"]
[Result "1-0"]
[Round "3"]
[TimeControl "180+1"]
[Date "2023.10.31"]
[WhiteClock "0:00:08"]
[BlackClock "0:00:43"]
[Board "148"]

1. e4 e6 2. d4 d5 3. e5 c5 4. c3 Nc6 5. Nf3 Bd7 6. Be2 f6 7. O-O fxe5 8. dxe5 Nge7 9. Bf4 Ng6 10. Bg3 Be7 11. Na3 O-O 12. Nb5 Nf4 13. Qd2 Nxe2+ 14. Qxe2 a6 15. Nd6 Bxd6 16. exd6 e5 17. Nxe5 Nxe5 18. Qxe5 Rf5 19. Qe3 Qf8 20. Qxc5 Bc6 21. Rad1 Rd8 22. c4 dxc4 23. Qxc4+ Kh8 24. Rfe1 h6 25. Qg4 Qf6 26. Bh4 g5 27. Bg3 Kg8 28. a4 Bd7 29. Qc4+ Kh7 30. Re7+ Kg6 31. Qc7 Bxa4 32. Qxd8 Bxd1 33. Qe8+ Qf7 34. Rxf7 Rxf7 35. d7 Ba4 36. Qxf7+ Kxf7 37. d8=Q 1-0


[Site "https://www.chess.com"]

[Event "Titled Tuesday Blitz October 31 Late 2023"]
[White "Palacio,Igor Da Paz"]
[Black "FuenfgegenWilly"]
[WhiteFideId "2121140"]
[WhiteElo "2232"]
[BlackElo "2402"]
[Result "1/2-1/2"]
[Round "3"]
[TimeControl "180+1"]
[Date "2023.10.31"]
[WhiteClock "0:00:06"]
[BlackClock "0:00:29"]
[Board "149"]

1. e4 e5 2. Nf3 d6 3. Bc4 Nf6 4. d3 Be7 5. c3 O-O 6. Nbd2 c6 7. Bb3 a5 8. a4 Na6 9. O-O Be6 10. Bc2 h6 11. d4 exd4 12. Nxd4 Nc5 13. Nxe6 Nxe6 14. f4 Re8 15. h3 Bf8 16. Nf3 Nc5 17. e5 dxe5 18. Nxe5 Qb6 19. Kh2 Rad8 20. Qf3 Nb3 21. Nc4 Nxa1 22. Nxb6 Nxc2 23. Qf2 Na1 24. Be3 Nb3 25. Nc4 Ne4 26. Qf3 b5 27. Ne5 Nbd2 28. Bxd2 Nxd2 29. Qf2 Nxf1+ 30. Qxf1 bxa4 31. Nc4 Re4 32. Kg3 Bc5 33. Kf3 Re7 34. Ne5 Rd2 35. Qc4 Bd6 36. Qxc6 Bxe5 37. fxe5 Rxe5 38. Qxa4 Ree2 39. Qxa5 Rxb2 40. Qa8+ Kh7 41. c4 g6 42. Qa7 Rxg2 43. Qxf7+ Kh8 44. Qf8+ Kh7 45. Qf7+ Kh8 46. Qf8+ Kh7 47. Qf7+ 1/2-1/2


[Site "https://www.chess.com"]

[Event "Titled Tuesday Blitz October 31 Late 2023"]
[White "Bullen, Alex"]
[Black "Novikova, Galina"]
[WhiteFideId "1801627"]
[BlackFideId "4157095"]
[WhiteElo "2231"]
[BlackElo "2398"]
[Result "0-1"]
[Round "3"]
[TimeControl "180+1"]
[Date "2023.10.31"]
[WhiteClock "0:00:11"]
[BlackClock "0:00:05"]
[Board "150"]

1. d4 Nf6 2. Nf3 g6 3. Nbd2 Bg7 4. e4 d6 5. Bd3 O-O 6. O-O c5 7. c3 Nc6 8. Re1 Nh5 9. Nb3 b6 10. Be3 Kh8 11. a4 e5 12. dxe5 dxe5 13. Bc4 Qe7 14. a5 Bg4 15. h3 Rad8 16. Qe2 Bc8 17. axb6 axb6 18. Red1 h6 19. Bd5 Bd7 20. Ra6 Rb8 21. Nfd2 Nf4 22. Bxf4 exf4 23. Nc4 Ne5 24. f3 Nxc4 25. Qxc4 Qg5 26. Kh1 Qg3 27. Qd3 Rfd8 28. Bxf7 Bf6 29. Qf1 Kg7 30. Bc4 g5 31. Ra7 Kg6 32. Rdxd7 Rxd7 33. Rxd7 h5 34. Bf7+ Kh6 35. Nd2 g4 36. e5 Bxe5 37. Ne4 Qh4 38. fxg4 hxg4 39. Nf2 gxh3 40. Nxh3 Ra8 41. Qf3 Ra1+ 42. Kh2 Qg3+ 43. Qxg3 fxg3# 0-1


[Site "https://www.chess.com"]

[Event "Titled Tuesday Blitz October 31 Late 2023"]
[White "BrandonJiang123456"]
[Black "Gerbelli Neto, Eduardo"]
[BlackFideId "2103281"]
[WhiteElo "2229"]
[BlackElo "2392"]
[Result "0-1"]
[Round "3"]
[TimeControl "180+1"]
[Date "2023.10.31"]
[WhiteClock "0:01:09"]
[BlackClock "0:00:49"]
[Board "151"]

1. Nf3 Nf6 2. g3 c5 3. Bg2 d5 4. O-O Nc6 5. d4 cxd4 6. Nxd4 e5 7. Nxc6 bxc6 8. c4 Be7 9. Qa4 O-O 10. Qxc6 Bd7 11. Qa6 Bc8 12. Qa4 Bd7 13. Qc2 Rc8 14. Nc3 Rxc4 15. Qb3 Be6 16. Bg5 d4 17. Bxf6 Rxc3 18. Bxe7 Qxe7 19. Qd1 Rc7 20. Qd3 Rb8 21. b3 Rc3 22. Qe4 Qd6 23. Rac1 Rbc8 24. Qb1 Qc5 25. Rxc3 dxc3 26. Qc2 g6 27. Rc1 Bf5 28. e4 Be6 29. Bf1 Qd4 30. Rd1 Qb4 31. Rd2 cxd2 0-1


[Site "https://www.chess.com"]

[Event "Titled Tuesday Blitz October 31 Late 2023"]
[White "nicholas_ilic"]
[Black "Clawitter, Craig"]
[BlackFideId "2023105"]
[WhiteElo "2392"]
[BlackElo "2225"]
[Result "1-0"]
[Round "3"]
[TimeControl "180+1"]
[Date "2023.10.31"]
[WhiteClock "0:00:44"]
[BlackClock "0:00:00"]
[Board "152"]

1. e4 e6 2. d4 d5 3. e5 c5 4. c3 Qb6 5. Nf3 Nc6 6. Bd3 cxd4 7. cxd4 Bd7 8. O-O Nxd4 9. Nbd2 Nc6 10. Nb3 Nge7 11. Be3 Qc7 12. Rc1 Ng6 13. Nc5 Bxc5 14. Bxc5 Ngxe5 15. Nxe5 Nxe5 16. Ba3 Qxc1 17. Qxc1 Nxd3 18. Qc7 b5 19. Bd6 a5 20. g3 Nxb2 21. Rb1 Nc4 22. Bc5 Rc8 23. Qa7 b4 24. Re1 Kd8 25. Rc1 Rc7 26. Bb6 1-0


[Site "https://www.chess.com"]

[Event "Titled Tuesday Blitz October 31 Late 2023"]
[White "Guha, Eshan"]
[Black "Sarkar, Justin"]
[WhiteFideId "30958628"]
[BlackFideId "2010011"]
[WhiteElo "2387"]
[BlackElo "2225"]
[Result "1-0"]
[Round "3"]
[TimeControl "180+1"]
[Date "2023.10.31"]
[WhiteClock "0:00:03"]
[BlackClock "0:00:00"]
[Board "153"]

1. d4 Nf6 2. c4 e6 3. g3 c6 4. Bg2 d5 5. Qc2 dxc4 6. Qxc4 b5 7. Qd3 Bb7 8. Nf3 Nbd7 9. O-O Be7 10. b3 O-O 11. Ba3 a6 12. Rc1 Bxa3 13. Nxa3 Qe7 14. Nc2 c5 15. a4 cxd4 16. Ncxd4 bxa4 17. bxa4 Be4 18. Qd2 Rfc8 19. h3 e5 20. Nb3 h6 21. Kh2 Rab8 22. Na5 Nc5 23. Qe3 Nd5 24. Qa3 Nb4 25. Qc3 f6 26. Qc4+ Bd5 27. Qh4 Qe6 28. Rab1 e4 29. Nd4 Qe5 30. Rxb4 Rxb4 31. Nac6 Bxc6 32. Nxc6 Rxc6 33. Qg4 1-0


[Site "https://www.chess.com"]

[Event "Titled Tuesday Blitz October 31 Late 2023"]
[White "Quirke, Jeffrey"]
[Black "Jegorovas, Aleksandras"]
[WhiteFideId "2013029"]
[BlackFideId "12801950"]
[WhiteElo "2217"]
[BlackElo "2387"]
[Result "1-0"]
[Round "3"]
[TimeControl "180+1"]
[Date "2023.10.31"]
[WhiteClock "0:00:13"]
[BlackClock "0:01:53"]
[Board "154"]

1. e4 c6 2. d4 d5 3. exd5 cxd5 4. Nf3 Nf6 5. c3 Nc6 6. Be3 Bg4 7. Nbd2 e6 8. h3 Bxf3 9. Nxf3 Bd6 10. Bd3 Qc8 11. O-O O-O 12. Re1 Ne4 13. Bxe4 dxe4 14. Nd2 f5 15. Nc4 Qc7 16. Nxd6 Qxd6 17. Qb3 Rae8 18. g3 f4 19. Bxf4 Rxf4 20. gxf4 Qxf4 21. Re3 Rf8 22. Qc2 Qg5+ 23. Rg3 Qf4 24. Qe2 Ne7 25. Qe3 Qf5 26. Rg5 Qf6 27. Rf1 Nd5 28. Qg3 e3 29. Rxd5 exd5 30. Qxe3 Qf5 31. Re1 Kh8 32. Re2 h5 33. Qe5 Qg6+ 34. Kh2 Rf5 35. Qe8+ Kh7 36. Qxg6+ Kxg6 37. Kg3 Rg5+ 38. Kf3 Rg1 39. Re5 Rb1 40. Rxd5 Rxb2 41. Rd7 Rc2 42. Ke4 Rxf2 43. Rxb7 Rxa2 44. c4 Ra3 45. c5 Rxh3 46. c6 Rc3 47. c7 h4 48. d5 h3 49. d6 h2 50. Rb1 Rc4+ 51. Kd5 Rb4 52. Rh1 Rb2 53. c8=Q Rd2+ 54. Ke4 Re2+ 55. Kf3 Rc2 56. Qe6+ Kh7 57. Qe4+ Kg8 58. Qxc2 1-0


[Site "https://www.chess.com"]

[Event "Titled Tuesday Blitz October 31 Late 2023"]
[White "Modric, Nesa"]
[Black "SergioMoralesG"]
[WhiteFideId "922579"]
[WhiteElo "2214"]
[BlackElo "2379"]
[Result "1-0"]
[Round "3"]
[TimeControl "180+1"]
[Date "2023.10.31"]
[WhiteClock "0:01:55"]
[BlackClock "0:00:41"]
[Board "155"]

1. e4 c5 2. c3 Nf6 3. e5 Nd5 4. Nf3 e6 5. d4 cxd4 6. cxd4 d6 7. a3 Nc6 8. Bd3 Be7 9. O-O O-O 10. Qc2 g6 11. Bh6 Re8 12. Nc3 Nxc3 13. Qxc3 Bd7 14. exd6 Bxd6 15. d5 e5 16. dxc6 Bxc6 17. Bc4 Bxf3 18. Qxf3 Qd7 19. Rfd1 e4 20. Rxd6 exf3 21. Rxd7 1-0


[Site "https://www.chess.com"]

[Event "Titled Tuesday Blitz October 31 Late 2023"]
[White "Mariia89"]
[Black "Baghdasaryan, Vahe"]
[BlackFideId "13303139"]
[WhiteElo "2189"]
[BlackElo "2378"]
[Result "0-1"]
[Round "3"]
[TimeControl "180+1"]
[Date "2023.10.31"]
[WhiteClock "0:00:00"]
[BlackClock "0:00:19"]
[Board "156"]

1. d4 d5 2. c4 e6 3. Nf3 Nf6 4. Nc3 Be7 5. Bg5 h6 6. Bh4 O-O 7. e3 b6 8. cxd5 Nxd5 9. Nxd5 exd5 10. Bxe7 Qxe7 11. Bd3 Bb7 12. O-O c5 13. Rc1 Nc6 14. Re1 Rfe8 15. h3 c4 16. Bb1 b5 17. e4 dxe4 18. Rxe4 Qd6 19. Qe1 Kf8 20. b3 Nxd4 21. Nxd4 Bxe4 22. Bxe4 Qxd4 23. Qb4+ Kg8 24. Bxa8 Rxa8 25. bxc4 bxc4 26. Rxc4 Qd1+ 27. Kh2 Re8 28. Rc7 Re1 29. Rxa7 Rh1+ 30. Kg3 Qd3+ 31. f3 Qg6+ 32. Kf2 Rh2 33. Ra8+ Kh7 34. Qe4 Rxg2+ 35. Ke3 f5 36. Qe5 Qb6+ 37. Qd4 Re2+ 38. Kxe2 Qxd4 39. Ra3 Qb2+ 40. Ke3 Qxa3+ 41. Kf4 Qxa2 42. Kxf5 Qf7+ 43. Kg4 h5+ 44. Kg3 g5 45. h4 Qf4+ 46. Kh3 Qxh4+ 47. Kg2 g4 48. fxg4 hxg4 49. Kg1 Qh3 50. Kf2 g3+ 51. Kf3 g2+ 52. Kf4 g1=Q 0-1


[Site "https://www.chess.com"]

[Event "Titled Tuesday Blitz October 31 Late 2023"]
[White "Alfaro, William"]
[Black "Martinez, Shawn"]
[WhiteFideId "6100457"]
[BlackFideId "2039770"]
[WhiteElo "2182"]
[BlackElo "2366"]
[Result "1/2-1/2"]
[Round "3"]
[TimeControl "180+1"]
[Date "2023.10.31"]
[WhiteClock "0:00:02"]
[BlackClock "0:00:00"]
[Board "157"]

1. e4 c5 2. g3 Nc6 3. Bg2 g6 4. Ne2 Bg7 5. O-O d6 6. c3 Nf6 7. d4 cxd4 8. cxd4 O-O 9. Nbc3 Bd7 10. h3 Rc8 11. Be3 Na5 12. f4 Nc4 13. Bc1 b5 14. b3 Nb6 15. e5 Ne8 16. Qd3 a6 17. a4 b4 18. Ne4 a5 19. Be3 Bc6 20. Rfc1 Qd7 21. Rc2 Bb7 22. Rd2 Nc7 23. Rc1 Ncd5 24. Rdc2 Rxc2 25. Rxc2 Rc8 26. Nd2 h5 27. Rxc8+ Qxc8 28. Nc4 Ba6 29. Nxb6 Nxb6 30. Qd2 Bf8 31. Be4 d5 32. Bd3 Bxd3 33. Qxd3 Qxh3 34. Kf2 Qe6 35. Qb5 Nc4 36. bxc4 dxc4 37. d5 Qc8 38. Bc5 c3 39. Qc4 Qg4 40. Nd4 h4 41. e6 Qxg3+ 42. Ke2 Qg4+ 43. Ke3 Qg3+ 44. Nf3 h3 45. exf7+ Kh7 46. d6 c2 47. Qxc2 h2 48. Qxh2+ Qxh2 49. Nxh2 exd6 50. Bb6 Kg7 51. Bxa5 d5 52. Kd4 Kxf7 53. Kxd5 Be7 54. Bb6 b3 55. Bd4 Bf6 56. Bxf6 Kxf6 57. Ng4+ Kf5 58. Ne5 b2 59. Nc4 b1=Q 60. Ne3+ Kxf4 61. Nc4 Qd3+ 62. Kc5 Qc3 63. a5 Kg5 64. a6 Qe1 65. Kb6 Qa1 66. a7 Kf4 67. Na5 g5 68. a8=Q Qb2+ 69. Ka6 Qe2+ 70. Ka7 Qe3+ 71. Kb7 Qe4+ 72. Nc6 g4 73. Qf8+ Kg3 74. Kb6 Qf3 75. Qd6+ Kg2 76. Nd4 Qf2 77. Kc6 g3 78. Qd5+ Kf1 79. Qc4+ Kg1 80. Qc1+ Kh2 81. Qh6+ Kg1 82. Qc1+ Kg2 83. Qc2 Qxc2+ 84. Nxc2 Kf2 85. Nb4 g2 86. Nd3+ Ke3 87. Ne5 g1=Q 88. Nc4+ Kd4 89. Nd6 Qg6 90. Kd7 Ke5 91. Nb5 Qe6+ 92. Kc7 Qf7+ 93. Kc6 Qe6+ 94. Kc5 Qc8+ 95. Kb4 Kd5 96. Nc3+ Kd4 97. Nb5+ Kd3 98. Nd6 Qb8+ 99. Nb5 Qb6 100. Ka4 Kc4 101. Na3+ Kc3 102. Nb5+ Kc4 103. Na3+ Kc5 104. Nc2 Qa6+ 105. Kb3 Qd3+ 106. Kb2 Kc4 107. Na3+ Kb4 108. Nc2+ Ka4 109. Kc1 Qe2 110. Kb2 Kb5 111. Kc3 Qf2 112. Nd4+ Kc5 113. Nb3+ Kd5 114. Kb4 Qe3 115. Na5 Qd2+ 116. Kb5 Qb2+ 117. Ka4 Kc5 118. Nb3+ Kc6 119. Kb4 Qc2 120. Ka4 1/2-1/2


[Site "https://www.chess.com"]

[Event "Titled Tuesday Blitz October 31 Late 2023"]
[White "Dmitrenko, Viktor"]
[Black "ChessDojo"]
[WhiteFideId "14110270"]
[WhiteElo "2353"]
[BlackElo "2174"]
[Result "1-0"]
[Round "3"]
[TimeControl "180+1"]
[Date "2023.10.31"]
[WhiteClock "0:00:38"]
[BlackClock "0:00:21"]
[Board "158"]

1. d4 d5 2. Nf3 Nf6 3. Bf4 c5 4. e3 Nc6 5. Nbd2 Bf5 6. c3 e6 7. Bb5 Bd6 8. Ne5 Bxe5 9. dxe5 Nd7 10. Nf3 Bg4 11. Qa4 Bxf3 12. gxf3 Qc7 13. Rg1 Rg8 14. O-O-O a6 15. Bd3 Ncxe5 16. Bxh7 b5 17. Qc2 O-O-O 18. Bxg8 Rxg8 19. Rg3 c4 20. Rdg1 g6 21. Kb1 Qc6 22. h4 Nd3 23. h5 Nf8 24. Bh6 Nd7 25. hxg6 f5 26. g7 N7c5 27. Rg6 Ne5 28. Rf6 Ncd7 29. Rf8+ Nxf8 30. gxf8=Q+ Rxf8 31. Bxf8 Nd3 32. f4 Kb7 33. Bg7 a5 34. Bd4 b4 35. cxb4 Nxb4 36. Qc3 Qa4 37. a3 Kc6 38. axb4 axb4 39. b3 Qa5 40. Qa1 Qb5 41. Qa8+ 1-0


[Site "https://www.chess.com"]

[Event "Titled Tuesday Blitz October 31 Late 2023"]
[White "Wisniowski, Natalie"]
[Black "Bogaudinov, Rushan"]
[WhiteFideId "30929261"]
[BlackFideId "4129288"]
[WhiteElo "2171"]
[BlackElo "2350"]
[Result "0-1"]
[Round "3"]
[TimeControl "180+1"]
[Date "2023.10.31"]
[WhiteClock "0:00:00"]
[BlackClock "0:00:41"]
[Board "159"]

1. e4 e5 2. Nf3 Nc6 3. Bc4 Be7 4. d4 exd4 5. Nxd4 d6 6. O-O Nf6 7. Re1 O-O 8. Bg5 h6 9. Bh4 Ne5 10. Bb3 Ng6 11. Bg3 a5 12. a4 Bg4 13. Qd2 Nh5 14. Nc3 Nxg3 15. hxg3 Re8 16. Nce2 Bf6 17. Rad1 Bd7 18. Nf4 Bg5 19. Nf3 Ne5 20. Nxg5 hxg5 21. Nd5 b5 22. axb5 Bxb5 23. Ne3 a4 24. Bd5 Rb8 25. Nf5 g6 26. Nd4 Bd7 27. Qe2 Rxb2 28. f4 Bg4 29. Nf3 gxf4 30. gxf4 Nd7 31. Qc4 Rf8 32. Rd2 a3 33. Ng5 Qf6 0-1


[Site "https://www.chess.com"]

[Event "Titled Tuesday Blitz October 31 Late 2023"]
[White "Souza, Gustavo Horokoski De"]
[Black "Padalka, Artem"]
[WhiteFideId "2146584"]
[BlackFideId "14118637"]
[WhiteElo "2170"]
[BlackElo "2342"]
[Result "1-0"]
[Round "3"]
[TimeControl "180+1"]
[Date "2023.10.31"]
[WhiteClock "0:00:07"]
[BlackClock "0:00:28"]
[Board "160"]

1. c4 c5 2. Nc3 g6 3. g3 Bg7 4. Bg2 Nf6 5. Nf3 O-O 6. O-O Nc6 7. d3 d6 8. a3 a6 9. Rb1 Rb8 10. b4 cxb4 11. axb4 b5 12. cxb5 axb5 13. Qb3 Bg4 14. Be3 d5 15. Nd4 Nxd4 16. Bxd4 e6 17. h3 Bh5 18. g4 Bxg4 19. hxg4 Nxg4 20. Bxg7 Qh4 21. Be5 Nxe5 22. f3 Qd4+ 23. Kh1 Qh4+ 24. Kg1 Qd4+ 25. Kh1 h5 26. Nd1 h4 27. Nf2 Rbc8 28. Qb2 Qe3 29. Ng4 Nxg4 30. fxg4 h3 31. Bf3 Rc7 32. Rbc1 Rfc8 33. Rxc7 Rxc7 34. Qf6 Rc2 35. Qh4 Rb2 36. Qxh3 Rxe2 37. Qh4 Rb2 38. Bg2 Qd4 39. Qd8+ Kg7 40. Qd6 Rxb4 41. Qe7 Qxg4 42. Rxf7+ Kh6 43. Rh7# 1-0


[Site "https://www.chess.com"]

[Event "Titled Tuesday Blitz October 31 Late 2023"]
[White "Minina, Veronika"]
[Black "Fernandez Hernandez, Gerardo"]
[WhiteFideId "4174780"]
[BlackFideId "2207400"]
[WhiteElo "2338"]
[BlackElo "2162"]
[Result "1-0"]
[Round "3"]
[TimeControl "180+1"]
[Date "2023.10.31"]
[WhiteClock "0:00:36"]
[BlackClock "0:00:00"]
[Board "161"]

1. Nf3 Nf6 2. g3 g6 3. Bg2 Bg7 4. O-O O-O 5. c4 d6 6. Nc3 e5 7. d3 Nc6 8. Rb1 a5 9. a3 h6 10. b4 axb4 11. axb4 Be6 12. c5 Nh5 13. b5 Ne7 14. b6 dxc5 15. bxc7 Qxc7 16. Be3 Nf5 17. Bd2 Ne7 18. Qc1 f5 19. Bxh6 e4 20. dxe4 f4 21. Bxg7 Kxg7 22. Nb5 Qc8 23. Nd6 Qc6 24. Nxb7 Rac8 25. Ne5 Qc7 26. Qb2 Kg8 27. Rfc1 fxg3 28. hxg3 c4 29. Qc3 Rb8 30. Na5 Rxb1 31. Rxb1 Qc5 32. Naxc4 Qxf2+ 33. Kh1 Nxg3+ 34. Kh2 Nxe4 35. Qe3 Qh4+ 36. Kg1 1-0


[Site "https://www.chess.com"]

[Event "Titled Tuesday Blitz October 31 Late 2023"]
[White "Benaddi, Mouhcine"]
[Black "Rose, Felix"]
[WhiteFideId "9001050"]
[BlackFideId "5105722"]
[WhiteElo "2147"]
[BlackElo "2332"]
[Result "0-1"]
[Round "3"]
[TimeControl "180+1"]
[Date "2023.10.31"]
[WhiteClock "0:00:32"]
[BlackClock "0:00:19"]
[Board "162"]

1. Nf3 Nf6 2. g3 g6 3. Bg2 Bg7 4. O-O O-O 5. d4 d5 6. c4 c6 7. cxd5 cxd5 8. Nc3 Nc6 9. Ne5 Bf5 10. Nxc6 bxc6 11. Bf4 Rc8 12. Rc1 c5 13. Be5 cxd4 14. Qxd4 Rc4 15. Qxa7 e6 16. Rfd1 Qc8 17. b3 Rc6 18. e3 Ne4 19. Bxg7 Nxc3 20. Bxf8 Ne2+ 21. Kf1 Rxc1 22. Kxe2 Qc2+ 23. Rd2 Bd3+ 24. Kf3 Qxd2 25. Qb8 Qe2+ 26. Kf4 Qxf2+ 27. Bf3 g5+ 28. Kxg5 Qxe3+ 29. Kh4 Qd4+ 30. Bg4 Qf6+ 0-1


[Site "https://www.chess.com"]

[Event "Titled Tuesday Blitz October 31 Late 2023"]
[White "miraitrunks"]
[Black "Senft, Sean"]
[BlackFideId "2044960"]
[WhiteElo "2083"]
[BlackElo "2331"]
[Result "0-1"]
[Round "3"]
[TimeControl "180+1"]
[Date "2023.10.31"]
[WhiteClock "0:01:32"]
[BlackClock "0:02:02"]
[Board "163"]

1. e4 c5 2. c3 d5 3. exd5 Qxd5 4. d4 Nf6 5. Nf3 Nc6 6. Na3 Bg4 7. Be2 e6 8. Be3 cxd4 9. Nb5 Qd8 10. Nbxd4 Nxd4 11. Nxd4 Bxe2 12. Qxe2 Be7 13. O-O O-O 14. Rad1 Qa5 15. a3 Rfd8 16. Qf3 Nd5 17. Rfe1 Nxe3 18. Rxe3 Qb6 19. Qe2 Bf6 20. Red3 Rd5 21. Nf3 Rxd3 22. Rxd3 Rd8 23. h3 Rxd3 24. Qxd3 Qxb2 25. Qd7 g6 26. h4 Qxc3 27. Qxb7 Qxa3 28. h5 Kg7 29. h6+ Kg8 30. Qb8+ Qf8 31. Qxa7 Qxh6 32. Qb8+ Kg7 33. Qc7 Qh5 34. Qf4 Qa5 35. Nd4 Qa1+ 36. Kh2 Qxd4 0-1


[Site "https://www.chess.com"]

[Event "Titled Tuesday Blitz October 31 Late 2023"]
[White "Balla, Tamas-Kristof"]
[Black "Oliveira, Tiago Batista"]
[WhiteFideId "1208497"]
[BlackFideId "2108291"]
[WhiteElo "2330"]
[BlackElo "2047"]
[Result "1-0"]
[Round "3"]
[TimeControl "180+1"]
[Date "2023.10.31"]
[WhiteClock "0:00:16"]
[BlackClock "0:00:01"]
[Board "164"]

1. e4 e5 2. Nf3 Nc6 3. d4 exd4 4. Nxd4 Nf6 5. Nxc6 bxc6 6. e5 Qe7 7. Qe2 Nd5 8. h4 a5 9. c4 Ba6 10. b3 Rb8 11. g3 g6 12. Bb2 Bg7 13. Bg2 Qb4+ 14. Nd2 O-O 15. O-O Rfe8 16. Rfe1 d6 17. Qd1 Ne7 18. Qc2 d5 19. e6 f6 20. cxd5 cxd5 21. Nf3 c5 22. Rad1 Rbd8 23. Nh2 d4 24. Bc1 Nd5 25. Ng4 Nc3 26. Rd2 d3 27. Qb2 f5 28. Ne5 Rd5 29. Bxd5 Nxd5 30. Nxd3 Bxb2 31. Nxb4 Bxc1 32. Rxd5 cxb4 33. Rxc1 Rxe6 34. Rd8+ Kg7 35. Rcd1 Kh6 36. R8d6 Rxd6 37. Rxd6 Be2 38. Rd5 a4 39. bxa4 Bc4 40. Rb5 Bxa2 41. Rxb4 Bd5 42. a5 Be4 43. a6 Ba8 44. Rb8 1-0


[Site "https://www.chess.com"]

[Event "Titled Tuesday Blitz October 31 Late 2023"]
[White "Freile Martin, Javier"]
[Black "leonidsh29"]
[WhiteFideId "3600165"]
[WhiteElo "2323"]
[BlackElo "2035"]
[Result "1-0"]
[Round "3"]
[TimeControl "180+1"]
[Date "2023.10.31"]
[WhiteClock "0:00:32"]
[BlackClock "0:00:00"]
[Board "165"]

1. c4 Nf6 2. Nc3 g6 3. d4 c5 4. d5 e5 5. e4 d6 6. Be2 Bg7 7. g4 h5 8. g5 Nh7 9. h4 O-O 10. Nh3 a6 11. f3 Nd7 12. Nf2 Rb8 13. Rg1 Qe7 14. Bd2 Kh8 15. a3 b5 16. cxb5 axb5 17. Bxb5 f6 18. Qe2 fxg5 19. hxg5 Rf4 20. Bxf4 exf4 21. a4 Ne5 22. Nd3 Nxg5 23. Nxf4 Nexf3+ 24. Kf1 Nxg1 25. Nxg6+ Kh7 26. Nxe7 Nxe2 27. Kxe2 Bg4+ 28. Kd2 Bxc3+ 29. Kxc3 Nxe4+ 30. Kc2 h4 31. Bd3 Bf3 32. Rf1 Re8 33. Rxf3 Rxe7 34. Rf4 Rf7 35. Rxf7+ Kg6 36. Bxe4+ Kg5 37. a5 Kh5 38. a6 Kg5 39. a7 Kh5 40. a8=Q Kg5 41. Qg8+ 1-0


[Site "https://www.chess.com"]

[Event "Titled Tuesday Blitz October 31 Late 2023"]
[White "Skaric, Djuro"]
[Black "Freeeeeeeeeeeeeeeeee"]
[WhiteFideId "934569"]
[WhiteElo "2322"]
[BlackElo "2025"]
[Result "0-1"]
[Round "3"]
[TimeControl "180+1"]
[Date "2023.10.31"]
[WhiteClock "0:00:22"]
[BlackClock "0:00:07"]
[Board "166"]

1. g3 c6 2. Bg2 d5 3. d3 Nf6 4. Nf3 e6 5. O-O Bd6 6. h3 O-O 7. Nc3 Nbd7 8. e4 e5 9. Nd2 h6 10. f4 dxe4 11. Ndxe4 Nxe4 12. dxe4 Bc5+ 13. Kh2 Qe7 14. f5 Nf6 15. Qf3 b5 16. a3 a5 17. g4 Bb7 18. h4 Nh7 19. Qg3 b4 20. Na4 Bd4 21. g5 hxg5 22. hxg5 Ba6 23. f6 Qd6 24. Rd1 Bb5 25. c3 Bxa4 26. cxd4 Bxd1 27. dxe5 Qe6 28. Bh3 Qb3 29. e6 Qxg3+ 30. Kxg3 gxf6 31. Be3 Bb3 32. e7 Rfe8 33. gxf6 Nxf6 34. Rg1 Rxe7 35. e5 Nh7 36. Bh6 Bc2 37. Kf4+ Bg6 38. e6 Kh8 39. Ke5 Rae8 40. Rd1 Nf8 41. Kf6 Nxe6 42. Rh1 Kg8 43. Bg4 Nf8 44. Bf4 Nh7+ 45. Rxh7 Bxh7 46. Bd6 Re6+ 0-1


[Site "https://www.chess.com"]

[Event "Titled Tuesday Blitz October 31 Late 2023"]
[White "Souza Santos, Carlos Roberto"]
[Black "Buscar, Michael"]
[WhiteFideId "2150603"]
[BlackFideId "2603616"]
[WhiteElo "1914"]
[BlackElo "2320"]
[Result "0-1"]
[Round "3"]
[TimeControl "180+1"]
[Date "2023.10.31"]
[WhiteClock "0:01:42"]
[BlackClock "0:01:53"]
[Board "167"]

1. e4 c5 2. Nf3 Nc6 3. d4 cxd4 4. Nxd4 Nf6 5. Nc3 e5 6. Nde2 h6 7. f3 Bc5 8. Ng3 d6 9. Bc4 Be6 10. Qe2 Nd4 11. Qd3 Nxc2+ 12. Qxc2 Bxc4 13. Nf5 O-O 14. Bxh6 gxh6 15. Nxh6+ Kh7 16. Nf5 Rc8 17. O-O-O b5 18. g4 b4 19. Qg2 Rh8 20. Na4 Bxa2 21. g5 Be3# 0-1


[Site "https://www.chess.com"]

[Event "Titled Tuesday Blitz October 31 Late 2023"]
[White "Asadli, Vugar"]
[Black "Nihal Sarin"]
[WhiteFideId "13405764"]
[BlackFideId "25092340"]
[WhiteElo "2863"]
[BlackElo "3131"]
[Result "0-1"]
[Round "4"]
[TimeControl "180+1"]
[Date "2023.10.31"]
[WhiteClock "0:00:09"]
[BlackClock "0:00:52"]
[Board "1"]

1. e4 Nf6 2. e5 Ng8 3. d4 d6 4. Nf3 Bg4 5. Be2 e6 6. O-O Nc6 7. h3 Bh5 8. exd6 Bxd6 9. c4 Nf6 10. Be3 O-O 11. Nc3 h6 12. Rc1 a6 13. a3 Re8 14. Nd2 Bxe2 15. Qxe2 e5 16. d5 Nd4 17. Qd3 Qd7 18. b4 Nf5 19. Nde4 Nxe4 20. Nxe4 Bf8 21. c5 Nd4 22. Nc3 Nf5 23. Rfd1 a5 24. Qb5 Qc8 25. bxa5 Rd8 26. d6 Nxe3 27. d7 Qb8 28. fxe3 c6 29. Qb4 Qc7 30. Qg4 Bxc5 31. Rd3 h5 32. Qd1 Rxa5 33. a4 g6 34. Ne4 Be7 35. Qd2 Rxa4 36. Nc5 e4 37. Nxa4 exd3 38. Qxd3 Rxd7 39. Qb3 0-1


[Site "https://www.chess.com"]

[Event "Titled Tuesday Blitz October 31 Late 2023"]
[White "Martinez Alcantara, Jose Eduardo"]
[Black "Alexandre, Anne Shopie Elizabeth"]
[WhiteFideId "3805662"]
[BlackFideId "11902418"]
[WhiteElo "3121"]
[BlackElo "2849"]
[Result "1-0"]
[Round "4"]
[TimeControl "180+1"]
[Date "2023.10.31"]
[WhiteClock "0:02:23"]
[BlackClock "0:01:45"]
[Board "2"]

1. e4 c6 2. d4 d5 3. e5 Bf5 4. h4 h5 5. Bd3 Bxd3 6. Qxd3 e6 7. Nf3 Qa5+ 8. Nc3 Qa6 9. Qd1 c5 10. Ne2 cxd4 11. O-O Nc6 12. Nexd4 Nge7 13. Bg5 Qb6 14. c3 Nxd4 15. Nxd4 Nc6 16. Nf3 a5 17. b3 Bc5 18. Qd2 O-O 19. Bf6 Rfe8 20. Qg5 Bf8 21. Qxh5 gxf6 22. exf6 1-0


[Site "https://www.chess.com"]